 Dungeon Crawl Stone Soup version 0.28-a0-10-g964c8b829e (webtiles) character file.

Game seed: 6882933708757925956

141 Sin92 the Skirmisher (level 5, -4/41 HPs)
             Began as a Demonspawn Fighter on July 25, 2021.
             Slain by a gnoll (11 damage)
             ... on level 2 of the Dungeon.
             The game lasted 00:01:31 (1457 turns).

Sin92 the Skirmisher (Demonspawn Fighter)           Turns: 1457, Time: 00:01:32

Health: -4/41      AC:  9    Str: 16 (18) XL:     5   Next: 3%
Magic:  5/5        EV:  4    Int:  8 (9)  God:
Gold:   84         SH:  9    Dex: 12      Spells: 4/4 levels left

rFire   . . .      SeeInvis .   a - +0 war axe
rCold   . . .      Faith    .   c - +0 kite shield
rNeg    . . .      Spirit   .   k - +0 chain mail
rPois   .          Reflect  .   (no helmet)
rElec   .          Harm     .   (no cloak)
rCorr   .          Rampage  .   (no gloves)
Will    .....                   (no boots)
Stlth   ..........              (no amulet)
HPRegen 0.13/turn               (no ring)
MPRegen 0.09/turn               (no ring)

@: no status effects
A: hooves 1, powered by pain 2
a: no special abilities


You were on level 2 of the Dungeon.
You visited 1 branch of the dungeon, and saw 2 of its levels.

You collected 84 gold pieces.

Inventory:

Hand Weapons
 a - a +0 war axe (weapon)
Missiles
 g - 3 atropa-tipped darts (quivered)
Armour
 b - a +0 scale mail
 c - a +0 kite shield (worn)
 k - a +0 chain mail (worn)
Jewellery
 h - a +4 ring of evasion
Scrolls
 e - 2 scrolls of identify {unknown}
 f - a scroll of silence {unknown}
 j - a scroll of blinking {unknown}
 l - 3 scrolls of teleportation {unknown}
Potions
 d - a potion of resistance {unknown}
 i - a potion of brilliance {unknown}


   Skills:
 + Level 3.5 Fighting
 * Level 3.1 Axes
 + Level 3.1 Armour
 + Level 1.5 Dodging
 + Level 3.2 Shields


You had 4 spell levels left.
You didn't know any spells.
Your spell library contained the following spells:

 Spells                   Type           Power      Damage    Failure   Level
 Ensorcelled Hibernation  Hex/Ice        0%         N/A       100%        2
 Spider Form              Tmut/Pois      0%         N/A       100%        3
 Shadow Creatures         Summ           N/A        N/A       100%        6


Dungeon Overview and Level Annotations

Branches:
Dungeon (2/15)

Altars:

Shops:
D:1 ?


Innate Abilities, Weirdness & Mutations

You have large cloven feet.
You sometimes gain power by taking damage.


Message History

The gnoll hits you but does no damage.
Unknown command.
There are monsters nearby!
The gnoll shouts!
You hit the gnoll.
The gnoll is heavily wounded.
You hit the gnoll. The gnoll hits you with a +0 spear.
The gnoll completely misses you. The gnoll barely misses you.
Unknown command.
There are monsters nearby!
You slash the gnoll!
You kill the gnoll!
You hit the gnoll but do no damage. The gnoll barely misses you.
The gnoll hits you with a +1 whip of electrocution!
You are electrocuted!
You block the gnoll's attack. The gnoll hits you but does no damage.
The gnoll barely misses you.
You feel your strength returning.
You have reached level 5!
There are monsters nearby!
Unknown command.
There are monsters nearby!
You are too injured to fight recklessly!
You are too injured to fight recklessly!
Unknown command.
There are monsters nearby!
You are too injured to fight recklessly!
Unknown command.
You are too injured to fight recklessly!
Unknown command.
There are monsters nearby!
You are too injured to fight recklessly!
You slash the gnoll! You kick the gnoll, but do no damage.
The gnoll is severely wounded.
You hit the gnoll.
The gnoll hits you from afar with a +0 halberd.
* * * LOW HITPOINT WARNING * * *
The gnoll hits you with a +1 whip of electrocution.
* * * LOW HITPOINT WARNING * * *
You are electrocuted!
You die...

#.....#.#...........#
#.....#.##..#..)#).##
#.....#.###....)...#
#.....#..#########.#
########.....##.........).#
.............+.############
########.....#.#
###...#.#######
#.#.#..@)g..# #..<...gg...#
##.########.# #.. # ..


You could see 3 gnolls.

Vanquished Creatures
  2 orc priests (D:2)
  A gnoll (D:2)
  2 adders (D:2)
  5 orcs (D:2)
  3 endoplasms
  2 giant cockroaches
  2 hobgoblins (D:1)
  10 jackals (D:1)
  2 kobolds (D:2)
  3 quokkas
  5 ball pythons
  4 bats
  2 frilled lizards (D:1)
  2 goblins
  3 rats (D:2)
48 creatures vanquished.

Notes
Turn   | Place    | Note
-------+----------+-------------------------------------------
     0 | D:1      | Sin92 the Demonspawn Fighter began the quest for the Orb.
     0 | D:1      | Reached XP level 1. HP: 18/18 MP: 1/1
   191 | D:1      | Gained mutation: You have large cloven feet. [demonic
                  | ancestry]
   191 | D:1      | Reached XP level 2. HP: 24/24 MP: 2/2
   246 | D:1      | Found Dionuama's Magic Scroll Shoppe.
   374 | D:1      | Gained mutation: You sometimes gain a little power by
                  | taking damage. [demonic ancestry]
   374 | D:1      | Reached XP level 3. HP: 23/29 MP: 3/3
   781 | D:2      | Found a faded altar of an unknown god.
   788 | D:2      | Reached skill level 1 in Dodging
   978 | D:2      | HP: 1/29 [orc priest/divine providence (16)]
   984 | D:2      | Gained mutation: You sometimes gain power by taking damage.
                  | [demonic ancestry]
   984 | D:2      | Reached XP level 4. HP: 14/35 MP: 4/4
  1457 | D:2      | Reached XP level 5. HP: 14/41 MP: 5/5
  1457 | D:2      | Slain by a gnoll

Illustrated notes

Levels and vault maps discovered:
D:1:      dpeg_arrival_pits, layout_rooms, serial_shops, shop
D:2:      cheibrodos_pilgrimage, layout_basic,
          hellmonk_ecumenical_altar_heavens_door, grunt_ministairs_10,
          minmay_goblin_outpost

Skill      XL: |  1  2  3  4 |
---------------+-------------+-----
Axes           | 2 3 |  3.1
Shields        | 3 |  3.2
Dodging        | 1 |  1.5
Armour         | 3 |  3.1
Fighting       | |  3.5

Action                   |  1- 3 |  4- 6 || total
-------------------------+-------+-------++-------
Melee: War axe           |    79 |    11 ||    90
       Kick              |    10 |     2 ||    12
  Use: Potion            |     3 |       ||     3
Armor: Scale mail        |    32 |       ||    32
       Chain mail        |    29 |     8 ||    37
Dodge: Dodged            |    30 |     7 ||    37
Block: Kite shield       |    52 |     4 ||    56

Table legend: (Time is in decaauts)
 A = Elapsed time spent in this place.
 B = Non-inter-level travel time spent in this place.
 C = Inter-level travel time spent in this place.
 D = Time resting spent in this place.
 E = Time spent auto-exploring this place.
 F = Levels seen in this place.
 G = Mean time per level.
                   A        B        C        D        E       F      G
               +--------+--------+--------+--------+--------+-----+--------+
         Total |   1511 |   1486 |     25 |    224 |    971 |   2 |  755.5 |
       Dungeon |   1511 |   1486 |     25 |    224 |    971 |   2 |  755.5 |
               +--------+--------+--------+--------+--------+-----+--------+

Top non-repeatable levels by time:
     D:2: 914 daAuts
     D:1: 597 daAuts
